 Dungeon Crawl Stone Soup version 0.30-a0-830-gfe289a77b0 (webtiles) character file.

Game seed: 4023000975084787638

466 sasquatch the Ruffian (level 7, 0/61 HPs)
             Began as a Ghoul Monk on Feb 28, 2023.
             Was a Follower of Yredelemnul.
             Slain by Pikel
             ... wielding a +0 whip of flaming
              (1 damage)
             ... on level 5 of the Dungeon.
             The game lasted 00:09:49 (3462 turns).

sasquatch the Ruffian (Ghoul Monk)                  Turns: 3462, Time: 00:09:49

Health: 0/61       AC: 10    Str: 17    XL:     7   Next: 8%
Magic:  6/6        EV: 11    Int:  7    God:    Yredelemnul [*.....]
Gold:   215        SH:  0    Dex: 17    Spells: 6/6 levels left

rFire   . . .      SeeInvis .      - Unarmed
rCold   + . .      Faith    .    (no shield)
rNeg    + + +      Spirit   .    e - +0 ring mail
rPois   ∞          Reflect  .    k - +2 helmet
rElec   .          Harm     .    x - +0 cloak
rCorr   .          Rampage  .    (no gloves)
Will    .....                    p - +0 pair of boots
Stlth   ++                       (no amulet)
HPRegen 0.00/turn                t - ring "Gupioneng" {Int+2 Dex+6}
MPRegen 0.10/turn                (no ring)

@: about to teleport, inhibited regen
A: claws 1, cold resistance 1, negative energy resistance 3, inhibited
regeneration, torment resistance 2, devour on kill
a: Renounce Religion, Recall Undead Harvest


You were on level 5 of the Dungeon.
You worshipped Yredelemnul.
Yredelemnul was noncommittal.
You visited 1 branch of the dungeon, and saw 5 of its levels.

You collected 215 gold pieces.

Inventory:

Missiles
 m - 15 poisoned darts (quivered)
Armour
 e - a +0 ring mail (worn)
 k - a +2 helmet (worn)
 p - a +0 pair of boots (worn)
 q - a +2 robe of fire resistance
 x - a +0 cloak (worn)
Jewellery
 h - a ring of fire
 t - the ring "Gupioneng" (left claw) {Int+2 Dex+6}
   (You found it on level 3 of the Dungeon)

   [ring of dexterity]

   Int:       It affects your intelligence (+2).
   Dex:       It affects your dexterity (+6).
Wands
 u - a wand of iceblast (6)
Scrolls
 a - a scroll of noise {unknown}
 c - 2 scrolls of teleportation
 d - a scroll of fear {unknown}
 f - a scroll of fog {unknown}
 g - a scroll of immolation {unknown}
 i - a scroll of vulnerability {unknown}
 r - 2 scrolls of identify {unknown}
 s - a scroll of blinking {unknown}
 y - a scroll of enchant weapon {unknown}
Potions
 b - a potion of ambrosia
 j - a potion of magic {unknown}
 l - 2 potions of might {unknown}
 n - a potion of degeneration {unknown}
 o - a potion of curing {unknown}
 v - a potion of heal wounds {unknown}
 w - a potion of lignification {unknown}


   Skills:
 + Level 5.5 Fighting
 - Level 2.6 Dodging
 - Level 2.1 Stealth
 * Level 7.2 Unarmed Combat


You had 6 spell levels left.
You didn't know any spells.
Your spell library contained the following spells:

 Spells                   Type           Power      Damage    Failure   Level
 Foxfire                  Conj/Fire      0%         2x1d4     65%         1
 Dazzling Flash           Conj/Hex       0%         N/A       95%         3
 Tukima's Dance           Hex            0%         N/A       95%         3
 Iskenderun's Mystic Bla  Conj/Tloc      0%         2d3       100%        4
 Passage of Golubria      Tloc           0%         N/A       100%        4
 Fireball                 Conj/Fire      0%         3d3       100%        5
 Yara's Violent Unravell  Hex/Tmut       0%         3d3       100%        5
 Starburst                Conj/Fire      0%         6d3       100%        6


Dungeon Overview and Level Annotations

Branches:
Dungeon (5/15)             Temple (0/1) D:4

Altars:
Yredelemnul

Shops:
D:1 [   D:2 (   D:4 (

Annotations:
D:5 Eustachio, Pikel, Sigmund


Innate Abilities, Weirdness & Mutations

You are immune to poison.
You have sharp fingernails.
Your flesh is cold resistant. (rC+)
You are immune to negative energy. (rN+++)
You do not regenerate when monsters are visible.
You are immune to unholy pain and torment.
You thrive by killing the living.


Message History

Your adder zombie bites Eustachio.
Pikel hits you but does no damage.
Okay, then.
You closely miss Pikel.
Pikel is lightly wounded.
The bat closely misses you.
The river rat bites you but does no damage.
Pikel hits you but does no damage.
The orc throws a boomerang.
The boomerang hits your adder zombie.
Your adder zombie bites the lemure but does no damage.
Your adder zombie misses Eustachio.
Eustachio casts a spell.
The orc priest invokes the aid of Beogh against you.
Beogh smites you!
* * * LOW HITPOINT WARNING * * *
The orc hits you with a +2 dagger of venom.
* * * LOW HITPOINT WARNING * * *
The boomerang hits your adder zombie.
Your adder zombie is destroyed!
You scratch Pikel. You claw Pikel.
Pikel is lightly wounded.
The quasit disappears in a puff of smoke!
The bat hits you but does no damage. The bat closely misses you.
The river rat bites you.
* * * LOW HITPOINT WARNING * * *
Pikel hits you but does no damage.
Your orc zombie hits Eustachio but does no damage.
The river rat bites you.
* * * LOW HITPOINT WARNING * * *
Your iguana zombie barely misses something.
The quasit bites your orc zombie.
The quasit barely misses your orc zombie. x2
Your adder zombie bites Eustachio.
The orc hits you but does no damage.
You barely miss Pikel.
Pikel is lightly wounded.
The bat hits you but does no damage.
Pikel hits you with a +0 whip of flaming!
* * * LOW HITPOINT WARNING * * *
Pikel burns you.
You die...
Yredelemnul claims you as an undead slave.

......##.. ..........
.......#.. #
....##..... .# ....#
##..o#########.#
....# ....#55≈≈≈≈≈..#
....##...##.≈..W.5≈.#
......>..##.≈.≈b≈o≈.#
.........##{≈≈5r@≈≈w#
.........##Z≈≈5Kr≈≈o#
......##..#.≈≈..@≈≈.#
##.....#..#.≈.5≈ZZ≈.#
#.##.....#.≈..:5§≈.#
..####..).#..≈≈≈≈≈[.#
## ##....#########.#
#.#.......# .#
####......# #


You could see Eustachio (ally target), Pikel (berserk), 4 lemures, a phantom, an
orc priest, 2 quasits, a crimson imp (summoned), 2 river rats, a dart slug, 2
orcs, a bat (summoned, ally target), a friendly iguana zombie, a friendly adder
zombie and a friendly orc zombie.

Vanquished Creatures
  Pargi (D:3)
  A necrophage (D:4)
  2 hounds (D:5)
  A jelly (D:5)
  Jessica (D:3)
  3 iguanas
  5 adders
  4 dart slugs
  4 orcs (D:5)
  10 endoplasms
  A giant cockroach (D:4)
  3 goblins
  5 hobgoblins
  6 quokkas
  2 ball pythons
  7 bats
  3 frilled lizards
  2 kobolds
  5 rats
66 creatures vanquished.

Vanquished Creatures (collateral kills)
  3 orcs (D:5)
  A giant cockroach (D:4)
4 creatures vanquished.

Vanquished Creatures (others)
  2 hound zombies (D:5)
  2 adder zombies (D:5)
  A jelly zombie (D:5)
  2 dart slug zombies
  4 orc zombies (D:5)
  A quokka zombie (D:5)
  A bush (D:2)
  7 plants
20 creatures vanquished.

Grand Total: 90 creatures vanquished

Notes
Turn   | Place    | Note
-------+----------+-------------------------------------------
     0 | D:1      | sasquatch the Ghoul Monk began the quest for the Orb.
     0 | D:1      | Reached XP level 1. HP: 19/19 MP: 0/0
   161 | D:1      | Found Arog's Antique Armour Shop.
   205 | D:1      | Reached XP level 2. HP: 26/26 MP: 1/1
   620 | D:1      | Reached skill level 4 in Unarmed Combat
  1119 | D:2      | Found Akhiwkamm's Weapon Shoppe.
  1126 | D:2      | Reached XP level 3. HP: 31/33 MP: 2/2
  1868 | D:3      | Found a large runed translucent door.
  1869 | D:3      | Found a large runed translucent door.
  2168 | D:3      | Noticed Jessica
  2182 | D:3      | Killed Jessica
  2183 | D:3      | Reached XP level 4. HP: 40/40 MP: 3/3
  2205 | D:3      | Noticed Pargi
  2218 | D:3      | Killed Pargi
  2219 | D:3      | Reached skill level 5 in Unarmed Combat
  2219 | D:3      | Reached XP level 5. HP: 37/47 MP: 4/4
  2459 | D:3      | Identified the ring "Gupioneng" {Int+2 Dex+6}
  2696 | D:3      | Found a basalt altar of Yredelemnul.
  2718 | D:3      | Became a worshipper of Yredelemnul the Dark
  2718 | D:3      | Reached * piety under Yredelemnul
  2718 | D:3      | Reached ** piety under Yredelemnul
  2881 | D:4      | Reached skill level 5 in Fighting
  2881 | D:4      | Reached skill level 6 in Unarmed Combat
  2881 | D:4      | Reached XP level 6. HP: 56/56 MP: 5/5
  3049 | D:4      | Found a staircase to the Ecumenical Temple.
  3188 | D:4      | Found Ehuotrya's Antique Weapon Emporium.
  3368 | D:5      | Entered Level 5 of the Dungeon
  3437 | D:5      | Reached skill level 7 in Unarmed Combat
  3440 | D:5      | Noticed Eustachio
  3440 | D:5      | Noticed Pikel
  3444 | D:5      | Noticed Sigmund
  3449 | D:5      | Reached XP level 7. HP: 47/61 MP: 6/6
  3462 | D:5      | HP: 1/61 [Pikel/+0 whip of flaming (8)]
  3462 | D:5      | Slain by Pikel

Illustrated notes

Levels and vault maps discovered:
D:1:      scummos_arrival_gate, layout_basic, serial_shops,
          nicolae_shop_competitors_out_of_business
D:2:      layout_loops_ring, serial_forest, infiniplex_forest_lined_4_way,
          infiniplex_forest_diagonal, infiniplex_forest_lined_4_way,
          infiniplex_forest_straight_2, infiniplex_forest_end_2,
          infiniplex_forest_clump_curved, infiniplex_forest_lined_3_way,
          infiniplex_forest_clump_diagonal, infiniplex_forest_lined_room_2,
          serial_shops, nicolae_shop_bloodbath_and_beyond
D:3:      layout_loops_corners, jmf_multi_god_temple2, uniq_jessica, uniq_pargi
D:4:      layout_rooms, minmay_temple_entry_wispy, serial_shops, shop
D:5:      layout_cave_pools, mainiacjoe_overflow_paths, general_overflow_altar,
          fedhas_altar_decomposition, serial_park_tiny_1, st_stairs_4,
          uniq_sigmund, uniq_eustachio, uniq_pikel

Skill      XL: |  1  2  3  4  5  6 |
---------------+-------------------+-----
Unarmed Combat | 4 5 6 7 |  7.2
Fighting       | 4 5 |  5.5
Dodging        | |  2.6
Stealth        | |  2.1

Action                     |  1- 3 |  4- 6 |  7- 9 || total
---------------------------+-------+-------+-------++-------
  Melee: Unarmed           |   153 |    90 |    11 ||   254
         Punch             |     6 |     3 |     1 ||    10
    Use: Scroll            |       |       |     1 ||     1
   Stab: Sleeping          |     2 |     1 |       ||     3
         Distracted        |       |     1 |       ||     1
 Armour: Ring mail         |    33 |    34 |    22 ||    89
  Dodge: Dodged            |    48 |    50 |    12 ||   110

Table legend: (Time is in decaauts)
 A = Elapsed time spent in this place.
 B = Non-inter-level travel time spent in this place.
 C = Inter-level travel time spent in this place.
 D = Time resting spent in this place.
 E = Time spent auto-exploring this place.
 F = Levels seen in this place.
 G = Mean time per level.
                   A        B        C        D        E       F      G
               +--------+--------+--------+--------+--------+-----+--------+
         Total |   3436 |   3267 |    169 |      0 |   2680 |   5 |  687.2 |
       Dungeon |   3436 |   3267 |    169 |      0 |   2680 |   5 |  687.2 |
               +--------+--------+--------+--------+--------+-----+--------+

Top non-repeatable levels by time:
     D:3: 980 daAuts
     D:2: 912 daAuts
     D:1: 845 daAuts
     D:4: 610 daAuts
     D:5: 87 daAuts
